 Dungeon Crawl Stone Soup version 0.31-a0-233-g139696dc86 (webtiles) character file.

Game seed: 13419754276053401023

102 Iniera the Sneak (level 4, -5/34 HPs)
             Began as a Mummy Brigand on July 9, 2023.
             Killed by divine providence
             ... invoked by an orc priest
              (15 damage)
             ... on level 3 of the Dungeon.
             The game lasted 00:03:24 (2003 turns).

Iniera the Sneak (Mummy Brigand)                    Turns: 2003, Time: 00:03:24

Health: -5/34      AC:  6    Str: 16    XL:     4   Next: 49%
Magic:  4/4        EV: 11    Int: 10    God:
Gold:   139        SH:  0    Dex: 13    Spells: 3/3 levels left

rFire   . . .        a - +2 dagger
rCold   + . .        (no shield)
rNeg    + + +        e - +0 ring mail {rF+}
rPois   ∞            (no helmet)
rElec   .            c - +0 cloak
rCorr   .            (no gloves)
SInv    .            (no boots)
Will    .....        b - amulet of the acrobat
Stlth   ++           (no ring)
HPRegen 0.25/turn    (no ring)
MPRegen 0.09/turn

%: acrobat, faith
@: no status effects
A: cold resistance 1, negative energy resistance 3, torment resistance 2, heat
vulnerability 1, in touch with death 1, no potions, faith
a: no special abilities


You were on level 3 of the Dungeon.
You visited 1 branch of the dungeon, and saw 3 of its levels.

You collected 139 gold pieces.

Inventory:

Hand Weapons
 a - a +2 dagger (weapon)
Missiles
 d - 9 poisoned darts (quivered)
 z - 3 curare-tipped darts
Armour
 c - a +0 cloak (worn)
 e - a +0 ring mail of fire resistance (worn)
Jewellery
 b - an amulet of the acrobat (around neck)


   Skills:
 + Level 2.9 Fighting
 - Level 1.5 Short Blades
 - Level 1.5 Throwing
 + Level 1.4 Armour
 + Level 1.8 Dodging
 + Level 3.8 Stealth


You had 3 spell levels left.
You didn't know any spells.
Your spell library contained the following spells:

 Spells                   Type           Power      Damage    Failure   Level
 Cigotuvi's Dreadful Rot  Necr/Pois/Air  0%         N/A       71%         2
 Ignite Poison            Fire/Tmut/Pois 0%         N/A       91%         3
 Freezing Cloud           Conj/Ice/Air   0%         6-21      100%        5


Dungeon Overview and Level Annotations

Branches:
Dungeon (3/15)

Altars:
Cheibriados


Innate Abilities, Weirdness & Mutations

You are immune to poison.
Your flesh is cold resistant. (rC+)
You are immune to negative energy. (rN+++)
You are immune to unholy pain and torment.
You are vulnerable to heat. (rF-)
You are in touch with the powers of death.
You do not drink.
You have a special connection with the divine. (Faith)


Message History

You are too injured to fight recklessly!
You are too injured to fight recklessly!
You are too injured to fight recklessly!
You are too injured to fight recklessly!
You are too injured to fight recklessly!
You are too injured to fight recklessly!
You are too injured to fight recklessly!
You are too injured to fight recklessly!
An orc priest is nearby!
You hit the orc priest but do no damage.
The orc priest looks satisfied for a moment.
You hit the orc priest.
The orc priest is lightly wounded.
The orc priest hits you with a +0 club.
You barely miss the orc priest.
The orc priest is lightly wounded.
The orc priest closely misses you.
You hit the orc priest but do no damage.
Your punch misses the orc priest.
The orc priest is lightly wounded.
The orc priest misses you.
You hit the orc priest but do no damage.
The orc priest is lightly wounded.
The orc priest begins to cast a cantrip, but forgets the words!
You hit the orc priest but do no damage.
The orc priest is lightly wounded.
The orc priest invokes the aid of Beogh against you.
Beogh smites you!
* * * LOW HITPOINT WARNING * * *
You barely miss the orc priest.
The orc priest is lightly wounded.
The orc priest hits you but does no damage.
You hit the orc priest but do no damage.
The orc priest is lightly wounded.
The orc priest hits you but does no damage.
You hit the orc priest.
The orc priest is moderately wounded.
The orc priest calls down the wrath of Beogh upon you.
Beogh smites you!
You die...

.. #.#. ##### ## #... #...##
#. #..# ###.#..# #. ...
#.._..!### #.## #.#
#.#.#<...# ########o###?#
#...####.# #..o.o....##..
#####."..##@# #..##.##.#...#
#........)#o###h.##.##.#####
#.##...........o.##.h..#
#.#...........l........#
#....................... ##
#.#.....#.......##..###. ..
#.##...##...........# .. ..
#......##.......###.# ...
####.####.......# ..... ###


You could see an orc priest.

Vanquished Creatures
  An orc wizard (D:3)
  An adder (D:2)
  7 orcs
  7 ball pythons
  4 endoplasms
  2 giant cockroaches
  2 goblins
  3 hobgoblins
  6 jackals
  2 quokkas (D:1)
  5 bats
  10 frilled lizards
  6 kobolds
  5 rats
61 creatures vanquished.

Notes
Turn   | Place    | Note
-------+----------+-------------------------------------------
     0 | D:1      | Iniera the Mummy Brigand began the quest for the Orb.
     0 | D:1      | Reached XP level 1. HP: 16/16 MP: 1/1
   123 | D:1      | Reached skill level 1 in Dodging
   169 | D:1      | Reached XP level 2. HP: 13/22 MP: 2/2
   190 | D:1      | HP: 1/22 [hobgoblin (4)]
   614 | D:1      | Gained mutation: You are in touch with the powers of death.
                  | [Mummy growth]
   614 | D:1      | Reached XP level 3. HP: 24/28 MP: 3/3
   647 | D:1      | Reached skill level 1 in Armour
  1409 | D:3      | Found a snail-covered altar of Cheibriados.
  1554 | D:3      | Reached XP level 4. HP: 6/34 MP: 4/4
  2003 | D:3      | Killed from afar by an orc priest

Illustrated notes

Levels and vault maps discovered:
D:1:      mrwooster_arrival_statue_2, layout_basic, minmay_misc_feat_x,
          minmay_lizard_pond
D:2:      layout_basic
D:3:      layout_loops_cross, lemuel_crystal_altar, nicolae_ru_path_of_blood,
          minmay_misc_feat_room

Skill      XL: |  1  2  3 |
---------------+----------+-----
Dodging        | 1 |  1.8
Armour         | 1 |  1.4
Fighting       | |  2.9
Short Blades   | |  1.5
Throwing       | |  1.5
Stealth        | |  3.8

Action                     |  1- 3 |  4- 6 || total
---------------------------+-------+-------++-------
  Melee: Dagger            |   176 |    70 ||   246
  Throw: Dart              |     3 |       ||     3
    Use: Scroll            |     5 |     1 ||     6
   Stab: Sleeping          |     3 |       ||     3
 Armour: Robe              |    28 |       ||    28
         Ring mail         |    20 |    28 ||    48
  Dodge: Dodged            |   114 |    49 ||   163

Table legend: (Time is in decaauts)
 A = Elapsed time spent in this place.
 B = Non-inter-level travel time spent in this place.
 C = Inter-level travel time spent in this place.
 D = Time resting spent in this place.
 E = Time spent auto-exploring this place.
 F = Levels seen in this place.
 G = Mean time per level.
                   A        B        C        D        E       F      G
               +--------+--------+--------+--------+--------+-----+--------+
         Total |   1986 |   1958 |     28 |    221 |   1237 |   3 |  662.0 |
       Dungeon |   1986 |   1958 |     28 |    221 |   1237 |   3 |  662.0 |
               +--------+--------+--------+--------+--------+-----+--------+

Top non-repeatable levels by time:
     D:1: 932 daAuts
     D:2: 628 daAuts
     D:3: 425 daAuts
